 Dungeon Crawl Stone Soup version 0.16-a0-764-g7febf84 (webtiles) character file.

39 PolkaDot the Caller (level 3, 0/24 HPs)
             Began as a Vampire Summoner on Sept 23, 2014.
             Slain by Crazy Yiuf
             ... wielding a +4 quarterstaff of chaos
              (12 damage)
             ... on Level 2 of the Dungeon.
             The game lasted 00:04:10 (1900 turns).

PolkaDot the Caller (Vampire Summoner)              Turns: 1900, Time: 00:04:10

HP   0/24        AC  3     Str  7      XL: 3   Next: 26%
MP   0/6         EV 18     Int 18      God:
Gold 99          SH  0     Dex 19      Spells:  2 memorised,  3 levels left

rFire  . . .     SeeInvis +     k - +0 cutlass
rCold  . . .     Clarity  .     a - +0 robe
rNeg   + . .     rCorr    .     (no shield)
rPois  .         rRot     .     h - +0 helmet
rElec  .         Spirit   .     (no cloak)
SustAb .         Warding  .     (no gloves)
rMut   .         Stasis   .     (no boots)
Gourm  .                        (no amulet)
MR     .....                    (no ring)
                                (no ring)

@: agile, not resistant to hostile enchantments, stealthy
A: fangs 3, see invisible, unbreathing
a: Bat Form


You were on level 2 of the Dungeon.
You were not thirsty.

You visited 1 branch of the dungeon, and saw 2 of its levels.

You collected 99 gold pieces.

Inventory:

Hand weapons
 k - a +0 cutlass (weapon)
Armour
 a - a +0 robe (worn)
 h - a +0 helmet (worn)
Scrolls
 c - a scroll of remove curse
 d - a scroll of identify {unknown}
 e - a scroll of amnesia
 g - a scroll of recharging {unknown}
Books
 b - a book of Callings

   Spells                             Type                      Level
   *Summon Small Mammal               Summoning                    1
   *Call Imp                          Summoning                    2
   Call Canine Familiar               Summoning                    3
   Summon Guardian Golem              Hexes/Summoning              4
   Summon Lightning Spire             Summoning/Air                4
   Summon Ice Beast                   Ice/Summoning                4


   Skills:
 - Level 2.1 Dodging
 - Level 3.0 Stealth
 - Level 2.0 Spellcasting
 * Level 5.1 Summonings


You had 3 spell levels left.
You knew the following spells:

 Your Spells              Type           Power        Failure   Level  Hunger
a - Summon Small Mammal   Summ           ###.         1%          1    #......
s - Call Imp              Summ           ###.....     3%          2    ##.....


Dungeon Overview and Level Annotations

Branches:
Dungeon (2/15)

Altars:

Annotations:
D:2 Crazy Yiuf


Innate Abilities, Weirdness & Mutations

You have razor-sharp teeth.
You have supernaturally acute eyesight.
You can survive without breathing.


Message History

Casting: Call Imp
Confirm with . or Enter, or press ? or * to list all spells.
A beastly little devil appears in a puff of frigid air.
* * * LOW MAGIC WARNING * * *
Your crimson imp barely misses Crazy Yiuf.
You hit Crazy Yiuf.
Crazy Yiuf is moderately wounded.
Crazy Yiuf hits you with a quarterstaff of chaos!
Ouch! That really hurt!
* * * LOW HITPOINT WARNING * * *
Your crimson imp hits Crazy Yiuf but does no damage.
Your crimson imp hits Crazy Yiuf.
Crazy Yiuf barely misses you.
You hit Crazy Yiuf.
Crazy Yiuf is severely wounded.
Your crimson imp barely misses Crazy Yiuf.
Your crimson imp hits Crazy Yiuf but does no damage.
Your white imp hits Crazy Yiuf.
Your white imp freezes Crazy Yiuf.
Crazy Yiuf hits you with a quarterstaff of chaos!
Ouch! That really hurt!
You die...

#########.#.### #........###...
##.#######.#.###
####...#######.##..
#............#.##.>
♣♣♣♣♣##.##...#####.#.....
♣♣♣.♣..#..###.### #.#.##..
♣..♣.....5......# #.#.##..
#.g...♣♣♣♣....g@##.#.####.#.####
#)..# ♣♣.#55.##.#.........# ###
♣♣##..##.########..###
#...#.........%....
#...#..########..## ########
#####.#.#..## #..#
#.##.#.###..<.....)..# #>.#
#...###....[.........# #..#
####.#.###<##...>#.#.#######..#


You could see Crazy Yiuf, 2 friendly crimson imps and a friendly white imp.

Vanquished Creatures
  An adder (D:2)
  2 giant geckos
  A ball python (D:1)
  3 giant cockroaches
  A goblin (D:2)
  2 hobgoblins
  4 kobolds
  A quokka (D:2)
  A bat (D:2)
  4 giant newts
  3 rats
23 creatures vanquished.

Vanquished Creatures (collateral kills)
  A worm (D:2)
  A giant gecko (D:1)
  2 hobgoblins (D:1)
  2 kobolds
6 creatures vanquished.

Vanquished Creatures (others)
  3 quokkas (D:2)
3 creatures vanquished.

Grand Total: 32 creatures vanquished

Notes
Turn   | Place    | Note
--------------------------------------------------------------
     0 | D:1      | PolkaDot, the Vampire Summoner, began the quest for the Orb.
     0 | D:1      | Reached XP level 1. HP: 13/13 MP: 3/3
   448 | D:1      | Reached XP level 2. HP: 11/19 MP: 4/4
   883 | D:1      | Learned a level 2 spell: Call Imp
  1147 | D:2      | Reached skill level 5 in Summonings
  1147 | D:2      | Reached XP level 3. HP: 16/24 MP: 3/6
  1884 | D:2      | Noticed Crazy Yiuf
  1900 | D:2      | Slain by Crazy Yiuf

Action                   || total
-------------------------++-------
Melee: Unarmed           ||    16
       Short sword       ||    56
       Cutlass           ||    22
 Cast: Summon Small Mamm ||    12
       Call Imp          ||     6
  Use: Potion            ||     3
       Scroll            ||     3
 Stab: Sleeping          ||     4
       Distracted        ||     1
  Eat: Corpse            ||     7
